 Dungeon Crawl Stone Soup version 0.18.1-48-g4cf74bf (webtiles) character file.

1596 GFox the Fighter (level 8, -2/74 HPs)
             Began as a Minotaur Monk on Aug 28, 2016.
             Was a Believer of the Shining One.
             Slain by an orc
             ... wielding a +0 flail
              (6 damage)
             ... on level 7 of the Dungeon on Aug 29, 2016.
             The game lasted 00:44:28 (6515 turns).

GFox the Fighter (Minotaur Monk)                    Turns: 6515, Time: 00:44:29

Health: -2/74      AC:  4    Str: 15    XL:     8   Next: 62%
Magic:  7/7        EV: 18    Int:  7    God:    the Shining One [**....]
Gold:   194        SH:  7    Dex: 20    Spells: 0 memorised, 7 levels left

rFire  x . .     SeeInvis .       - Unarmed
rCold  + . .     Gourm    .     a - +0 robe
rNeg   + . .     Faith    .     y - +2 buckler
rPois  .         Spirit   .     (helmet restricted)
rElec  .         Dismiss  .     m - +0 cloak
rCorr  .         Reflect  .     (no gloves)
SustAt .         Harm     .     o - +0 pair of boots
MR     .....                    g - amulet of rage
Stlth  +.........               w - +4 ring of dexterity
                                c - ring of ice

@: glowing, not resistant to hostile enchantments, very unstealthy
A: retaliatory headbutt, horns 2
a: Divine Shield, Renounce Religion, Evoke Berserk Rage


You were on level 7 of the Dungeon.
You worshipped the Shining One.
The Shining One was pleased with you.
You were not hungry.

You visited 2 branches of the dungeon, and saw 8 of its levels.

You collected 194 gold pieces.

Inventory:

Armour
 a - a +0 robe (worn)
 m - a +0 cloak (worn)
 o - a +0 pair of boots (worn)
 y - a +2 buckler (worn)
Jewellery
 c - a ring of ice (left hand)
 g - an amulet of rage (around neck)
 w - a +4 ring of dexterity (right hand)
 C - an uncursed ring of magical power {unknown}
Wands
 x - a wand of iceblast (6/15)
Scrolls
 d - a scroll of fear
 e - a scroll of teleportation
 f - 3 scrolls of remove curse
 i - 2 scrolls of amnesia
 l - 2 scrolls of identify
 q - a scroll of enchant armour
 s - 2 scrolls of magic mapping
 z - a scroll of blinking
 E - a scroll of noise {unknown}
Potions
 h - a potion of might {unknown}
 n - 2 potions of lignification {unknown}
 p - 4 potions of curing {unknown}
 r - 2 potions of cure mutation {unknown}
 t - a potion of mutation {unknown}
 v - a potion of agility {unknown}
Books
 u - a book of Beasts

   Spells                             Type                      Level
   a - Summon Butterflies             Summoning                    1
   b - Call Canine Familiar           Summoning                    3
   c - Summon Ice Beast               Ice/Summoning                4
   d - Summon Mana Viper              Hexes/Summoning              5
   e - Summon Hydra                   Summoning                    7
 D - a book of Frost

   Spells                             Type                      Level
   a - Freeze                         Ice                          1
   b - Throw Frost                    Conjuration/Ice              2
   c - Ozocubu's Armour               Charms/Ice                   3
   d - Throw Icicle                   Conjuration/Ice              4
   e - Summon Ice Beast               Ice/Summoning                4
Comestibles
 b - 4 bread rations
 j - 4 meat rations
 k - 2 beef jerkies
 A - 10 fruits
 B - a chunk of flesh


   Skills:
 * Level 8.0 Fighting
 * Level 2.6 Armour
 * Level 7.3 Dodging
 - Level 1.5 Stealth
 * Level 2.9 Shields
 * Level 7.7 Unarmed Combat


You had 7 spell levels left.
You didn't know any spells.

Dungeon Overview and Level Annotations

Branches:
Dungeon (7/15)             Temple (1/1) D:5

Altars:
Ashenzari
Cheibriados
Elyvilon
Fedhas
Gozag
Kikubaaqudgha
Makhleb
Nemelex Xobeh
Okawaru
Pakellas
Ru
Sif Muna
Trog
Yredelemnul
Zin
The Shining One

Shops:
D:2 *   D:4 *


Innate Abilities, Weirdness & Mutations

You reflexively headbutt those who attack you in melee.
You have a pair of horns on your head.


Message History

The orc misses you. You block the orc warrior's attack. x2
You hit the orc.
The orc is lightly wounded.
You block the orc's attack. The orc hits you but does no damage.
You punch the orc!
You kill the orc!
The orc warrior hits you with a war axe!
The orc warrior hits you with a dire flail!!
* * * LOW HITPOINT WARNING * * *
Items here: ( ))) [ † You hit the orc warrior but do no damage.
Your headbutt misses the orc warrior.
The orc warrior is almost dead.
The orc misses you. You furiously retaliate!
You headbutt the orc. The orc warrior closely misses you.
You punch the orc warrior!
You kill the orc warrior!
Your Fighting skill increases to level 8!
The orc hits you with a flail.
You die...

........$...o##.o..
#.......##.........#
#.......##o.....o..#
#.%)...............###
#.......#..............
#.......#...##.........
#..)...##...##........
#....)o#..............
#....o)@...........#
#......#.(.........#
#......#.(.........#
........#.........###
##.####+######.......#
... .##.(.....# .a
..........#
.....#...###
.....#....##


You could see an orc warrior and an orc.

Vanquished Creatures
  Sigmund (D:2)
  Menkaure (D:5)
  The ghost of Tagedieb the Sneak, an amateur OpEn (D:3)
  2 orc warriors
  A phantom (D:6)
  2 centaurs
  2 scorpions
  A crimson imp (D:4)
  A hound (D:6)
  5 orc priests
  4 orc wizards
  Crazy Yiuf (D:3)
  Natasha (thrice) (D:3 D:5)
  2 worker ants
  3 gnolls (D:6)
  5 adders
  3 oozes
  An adder zombie (D:5)
  2 worms
  A giant gecko (D:1)
  19 orcs
  3 bats (D:1)
  6 giant cockroaches
  2 goblins
  8 hobgoblins
  8 jackals
  3 quokkas
  A ball python (D:1)
  A ball python skeleton (D:6)
  6 giant newts
  4 kobolds
  A quokka zombie (D:4)
  10 rats
114 creatures vanquished.

Notes
Turn   | Place    | Note
--------------------------------------------------------------
     0 | D:1      | GFox the Minotaur Monk began the quest for the Orb.
     0 | D:1      | Reached XP level 1. HP: 19/19 MP: 0/0
   111 | D:1      | Reached XP level 2. HP: 22/27 MP: 1/1
  1006 | D:2      | Reached skill level 4 in Fighting
  1006 | D:2      | Reached XP level 3. HP: 28/33 MP: 2/2
  1059 | D:2      | Noticed Sigmund
  1070 | D:2      | Killed Sigmund
  1070 | D:2      | Reached skill level 5 in Fighting
  1070 | D:2      | Reached skill level 5 in Unarmed Combat
  1070 | D:2      | Reached XP level 4. HP: 25/42 MP: 3/3
  1070 | D:2      | Reached XP level 5. HP: 28/48 MP: 4/4
  1203 | D:2      | Found Gozag's Platinum Reserve.
  1205 | D:2      | Found an opulent altar of Gozag.
  2397 | D:3      | Noticed Tagedieb's ghost (amateur OpEn)
  2426 | D:3      | Noticed Natasha
  2440 | D:3      | Killed Natasha
  2785 | D:3      | Killed Tagedieb's ghost
  2785 | D:3      | Reached skill level 5 in Dodging
  2785 | D:3      | Reached XP level 6. HP: 51/57 MP: 5/5
  2899 | D:3      | Noticed Crazy Yiuf
  2908 | D:3      | Killed Crazy Yiuf
  3227 | D:4      | Found Iroixuf's General Store.
  3270 | D:4      | Reached skill level 6 in Fighting
  3520 | D:4      | Reached XP level 7. HP: 63/63 MP: 6/6
  3940 | D:5      | Entered Level 5 of the Dungeon
  4056 | D:5      | Noticed Menkaure
  4064 | D:5      | Killed Menkaure
  4064 | D:5      | Reached skill level 7 in Fighting
  4264 | D:5      | Found a staircase to the Ecumenical Temple.
  4281 | Temple   | Entered the Ecumenical Temple
  4399 | Temple   | Became a worshipper of the Shining One
  4399 | Temple   | Reached * piety under the Shining One
  4399 | Temple   | Reached ** piety under the Shining One
  4828 | D:5      | Noticed Natasha
  4833 | D:5      | Killed Natasha
  4833 | D:5      | Reached XP level 8. HP: 61/73 MP: 7/7
  4991 | D:5      | Noticed Natasha
  4997 | D:5      | Killed Natasha
  5585 | D:6      | Reached skill level 1 in Armour
  5633 | D:6      | Reached skill level 1 in Shields
  6283 | D:6      | Found a shattered altar of Ashenzari.
  6338 | D:6      | Found an ancient bone altar of Kikubaaqudgha.
  6515 | D:7      | Reached skill level 8 in Fighting
  6515 | D:7      | Slain by an orc

Skill      XL: |  1  2  3  4  5  6  7  8 |
---------------+-------------------------+-----
Fighting       | 4 5 6 7 8 |  8.0
Dodging        | 4 5 6 7 |  7.3
Unarmed Combat | 5 6 7 |  7.7
Armour         | 2 |  2.6
Shields        | 2 |  2.9
Stealth        | |  1.5

Action                   |  1- 3 |  4- 6 |  7- 9 || total
-------------------------+-------+-------+-------++-------
Melee: Unarmed           |    53 |   109 |   159 ||   321
       Headbutt          |     4 |    23 |    41 ||    68
       Punch             |     2 |     3 |     4 ||     9
  Use: Scroll            |       |     7 |     5 ||    12
 Stab: Sleeping          |     3 |     5 |     1 ||     9
  Eat: Chunk             |       |     6 |     4 ||    10
       Beef jerky        |       |     1 |     1 ||     2
       Royal jelly       |       |     1 |       ||     1
       Pizza             |       |       |     1 ||     1
       Fruit             |       |       |     1 ||     1
Armor: Robe              |     3 |     8 |    16 ||    27
Dodge: Dodged            |    24 |    59 |   106 ||   189
Block: Buckler           |       |       |    35 ||    35
